 Dungeon Crawl Stone Soup version 0.28-a0-80-g9707f7362f (webtiles) character file.

Game seed: 12640930833109615747

0 shadowkyle011 the Grave Robber (level 1, -1/14 HPs)
             Began as a Ghoul Necromancer on Aug 5, 2021.
             Slain by a quokka (2 damage)
             ... on level 1 of the Dungeon.
             The game lasted 00:01:43 (38 turns).

shadowkyle011 the Grave Robber (Ghoul Necromancer)    Turns: 38, Time: 00:01:43

Health: -1/14      AC:  2    Str: 11    XL:     1   Next: 10%
Magic:  1/2        EV: 12    Int: 10    God:
Gold:   0          SH:  0    Dex:  9    Spells: 2/3 levels left

rFire   . . .      SeeInvis .   (no weapon)
rCold   + . .      Faith    .   (no shield)
rNeg    + + +      Spirit   .   a - +0 robe
rPois   ∞          Reflect  .   (no helmet)
rElec   .          Harm     .   (no cloak)
rCorr   .          Rampage  .   (no gloves)
Will    .....                   (no boots)
Stlth   ++........              (no amulet)
HPRegen 0.00/turn               (no ring)
MPRegen 0.08/turn               (no ring)

@: inhibited regen
A: claws 1, cold resistance 1, negative energy resistance 3, inhibited
regeneration, torment resistance 2
a: no special abilities


You were on level 1 of the Dungeon.
You visited 1 branch of the dungeon, and saw 1 of its levels.

Inventory:

Armour
 a - a +0 robe (worn)
Potions
 b - a potion of lignification {unknown}


   Skills:
 + Level 1.8 Dodging
 + Level 2.1 Stealth
 + Level 1.7 Spellcasting
 + Level 4.0 Necromancy


You had 2 spell levels left.
You knew the following spells:

 Your Spells              Type           Power      Damage    Failure   Level
a - Pain                  Necr           32%        1d5       6%          1

Your spell library contained the following spells:

 Spells                   Type           Power      Damage    Failure   Level
 Animate Skeleton         Necr           16%        N/A       6%          1
 Vampiric Draining        Necr           4%         2d6       19%         3
 Animate Dead             Necr           4%         N/A       52%         4
 Agony                    Necr           8%         N/A       86%         5


Dungeon Overview and Level Annotations

Branches:
Dungeon (1/15)

Altars:


Innate Abilities, Weirdness & Mutations

You thrive by killing the living.
You are immune to poison.
You have sharp fingernails.
Your flesh is cold resistant. (rC+)
You are immune to negative energy. (rN+++)
You do not regenerate when monsters are visible.
You are immune to unholy pain and torment.


Message History

Unknown command.
Unknown command.
Unknown command.
Unknown command.
Unknown command.
Unknown command.
Unknown command.
Unknown command.
Unknown command.
Unknown command.
Unknown command.
Unknown command.
Unknown command.
Unknown command.
Unknown command.
Unknown command.
Unknown command.
Unknown command.
You barely miss the rat.
The quokka bites you but does no damage.
The rat misses you.
You scratch the rat but do no damage. The quokka bites you.
The goblin hits you with a +0 club.
* * * LOW HITPOINT WARNING * * *
The rat bites you but does no damage.
You closely miss the rat. The quokka closely misses you.
The goblin barely misses you. The quokka barely misses you.
The rat closely misses you.
You scratch the rat but do no damage. The goblin hits you but does no damage.
The quokka misses you. The rat closely misses you.
You barely miss the rat. The quokka barely misses you.
The goblin barely misses you. The rat bites you but does no damage.
You closely miss the rat. The quokka barely misses you.
The goblin barely misses you. The rat closely misses you.
You scratch the rat.
You kill the rat!
The quokka completely misses you. The goblin hits you with a +0 club.
* * * LOW HITPOINT WARNING * * *
The quokka bites you.
You die...

...#####.#####...
#...........#
#....<....#
##.......##
.....#...(.#.....#
#... ##...###...##
##.#####.#####.##
......r.g.......
.......@##.......
.#.#.##.# ####.##
# #. #.. .. # ##.#
.. #.. .. #.#


You could see a quokka and a goblin.

Vanquished Creatures
  A rat (D:1)
1 creature vanquished.

Notes
Turn   | Place    | Note
-------+----------+-------------------------------------------
     0 | D:1      | shadowkyle011 the Ghoul Necromancer began the quest for the
                  | Orb.
     0 | D:1      | Reached XP level 1. HP: 14/14 MP: 2/2
    38 | D:1      | Slain by a quokka

Illustrated notes

Levels and vault maps discovered:
D:1:      onia_arrival_pyramid, layout_basic,
          dreamdust_ecumenical_altar_hidden_monk_grotto

Action                   || total
-------------------------++-------
Melee: Unarmed           ||     7
 Cast: Pain              ||     1
Armor: Robe              ||     5
Dodge: Dodged            ||    13

Table legend: (Time is in decaauts)
 A = Elapsed time spent in this place.
 B = Non-inter-level travel time spent in this place.
 C = Inter-level travel time spent in this place.
 D = Time resting spent in this place.
 E = Time spent auto-exploring this place.
 F = Levels seen in this place.
 G = Mean time per level.
                   A        B        C        D        E       F      G
               +--------+--------+--------+--------+--------+-----+--------+
         Total |     38 |     31 |      7 |      0 |      0 |   1 |   38.0 |
       Dungeon |     38 |     31 |      7 |      0 |      0 |   1 |   38.0 |
               +--------+--------+--------+--------+--------+-----+--------+

Top non-repeatable levels by time:
     D:1: 38 daAuts
